Map: Terraform LE (Void)

Players

qxc - Winner!

  • Race: Terran Terran
  • League: Master

Matiz

  • Race: Zerg Zerg
  • League: Master

Event: Lycan League Weekly August #3

VOD

Have the link to the VOD?

Description

Time

  • Played on: Aug. 17, 2015, 1:37 p.m.
  • Length: 7:52

All games in this series

Show
View Real Time Build Order
Export as new Build Order

qxc Terran - Winner!

Build Orders:  

Get SALT Encoding   

  12  0:01  SCV  
  13  0:16  Supply Depot  
  13  0:18  SCV  
  14  0:30  SCV  
  15  0:40  Barracks  
  15  0:45  Refinery  
  15  0:59  Barracks  
  15  1:02  SCV  
  16  1:14  SCV  
  17  1:27  Orbital Command  
  17  1:28  Reaper  
  18  1:45  Supply Depot  
  18  1:46  Reaper  
  19  1:49  Bunker  
  19  1:53  SCV  
  20  2:05  SCV  
  21  2:09  Reaper  
  22  2:17  SCV  
  23  2:23  Reaper  
  23  2:29  SCV  
  25  2:38  Command Center  
  25  2:41  SCV  
  26  2:45  Reaper  
  27  2:53  SCV  
  28  2:59  Reaper  
  29  3:06  SCV  
  29  3:07  Command Center  
  30  3:18  SCV  
  31  3:24  Reaper  
  31  3:32  Barracks  
  31  3:33  Barracks  
  31  3:40  Supply Depot  
  31  3:44  Refinery  
  31  3:49  SCV  
  31  3:51  Barracks  
  31  3:53  Orbital Command  
  32  4:01  SCV  
  33  4:05  Bunker  
  33  4:15  SCV  
  34  4:17  Orbital Command  
  34  4:20  Orbital Command  
  34  4:21  Barracks Tech Lab  
  34  4:23  Barracks Reactor  
  34  4:26  Supply Depot  
  34  4:29  SCV  
  35  4:31  Factory  
  35  4:41  SCV  
  35  4:42  Stimpack, Marine  
  37  4:45  SCV  
  37  4:50  Bunker  
  38  4:55  SCV  
  38  4:58  SCV  
  40  5:01  SCV  
  40  5:02  Barracks Reactor  
  40  5:04  Marine x3  
  44  5:07  SCV  
  44  5:11  SCV  
  44  5:15  SCV  
  44  5:20  Starport  
  41  5:21  Factory Reactor, Marine  
  41  5:22  SCV, Marine x2  
  41  5:26  Marine  
  46  5:38  Barracks Reactor  
  46  5:39  SCV, Marine x5  
  52  5:43  SCV  
  52  5:44  SCV  
  52  5:47  Barracks Reactor  
  54  5:51  SCV  
  54  5:52  Refinery x2  
  54  5:55  SCV  
  54  5:56  SCV  
  57  5:57  Marine x2  
  57  6:03  SCV  
  60  6:06  Medivac  
  60  6:07  SCV  
  60  6:08  SCV  
  64  6:13  Supply Depot, Marine x2  
  64  6:15  SCV  
  64  6:16  Medivac  
  69  6:19  SCV  
  69  6:20  SCV  
  69  6:24  Marine x2  
  69  6:25  Marine x4  
  77  6:34  Engineering Bay, Marine  
  77  6:35  SCV x2  
  77  6:41  SCV  
  77  6:48  Marine x2  
  77  6:49  Marine  
  79  6:54  Medivac x2  
  79  6:55  SCV, Factory Reactor  
  79  6:56  SCV  
  85  7:03  Supply Depot  
  85  7:08  Supply Depot, SCV  
  85  7:09  Supply Depot  
  85  7:21  Engineering Bay  
  85  7:24  Orbital Command  
  85  7:25  SCV x2, Marine x6  
  85  7:29  Marine x3  
  100  7:37  SCV x2  
Show
View Real Time Build Order
Export as new Build Order

Matiz Zerg 

Build Orders: Hatch First, Muta Ling Bane 

Get SALT Encoding   

  12  0:01  Drone  
  13  0:12  Overlord  
  13  0:20  Drone  
  14  0:24  Extractor  
  14  0:25  Drone  
  15  0:32  Drone  
  16  0:35  Drone  
  17  0:54  Hatchery  
  16  0:58  Drone  
  16  0:59  Drone  
  18  1:05  Extractor  
  18  1:07  Drone  
  18  1:21  Drone, Spawning Pool  
  18  1:29  Drone  
  19  1:39  Overlord  
  19  2:08  Queen x2  
  19  2:09  Zergling x6  
  19  2:13  Metabolic Boost  
  26  2:25  Drone x2  
  28  2:32  Zergling x2  
  28  2:33  Zergling x2  
  30  2:38  Zergling x2  
  29  2:56  Queen  
  29  2:57  Overlord  
  31  3:03  Overlord, Drone  
  31  3:04  Drone  
  33  3:17  Zergling x2  
  35  3:24  Zergling x4  
  32  3:29  Zergling x4  
  32  3:33  Zergling x2  
  32  3:44  Zergling x10  
  32  3:45  Zergling x2  
  38  3:56  Drone x2  
  40  4:04  Drone x4  
  44  4:14  Drone x2  
  46  4:18  Drone  
  47  4:25  Drone x5  
  52  4:31  Lair  
  52  4:33  Extractor  
  52  4:35  Drone  
  52  4:37  Extractor  
  52  4:38  Drone, Extractor  
  51  4:42  Drone  
  50  4:54  Drone  
  50  4:56  Drone  
  51  5:01  Drone  
  51  5:04  Overlord x3  
  48  5:15  Drone  
  48  5:18  Drone x2  
  48  5:19  Hatchery, Baneling Nest  
  48  5:25  Queen  
  49  5:31  Overlord  
  49  5:33  Drone  
  49  5:34  Spire  
  49  5:35  Drone  
  50  5:38  Drone  
  51  5:45  Drone  
  51  5:46  Drone x3  
  55  5:52  Drone x2  
  55  5:53  Drone x2  
  59  5:58  Overlord  
  59  6:03  Zergling x6  
  62  6:07  Zergling x2  
  63  6:14  Overlord, Centrifical Hooks  
  63  6:19  Zergling x10  
  68  6:26  Overlord  
  68  6:31  Drone x2  
  67  6:40  Drone x4  
  67  6:41  Overlord  
  68  6:47  Mutalisk x2  
  68  6:48  Mutalisk  
  72  6:54  Mutalisk  
  72  6:55  Mutalisk x2  
  78  7:03  Extractor  
  78  7:04  Mutalisk x2, Extractor  
  78  7:05  Overseer  
  80  7:14  Overlord  
  80  7:21  Mutalisk  
  82  7:27  Baneling  
  82  7:29  Zergling x12  
  85  7:30  Zergling x6  
  87  7:37  Evolution Chamber  
  87  7:38  Evolution Chamber  

Tags
 
Add a new tag
Caveats
  • Supply blocks, unpowered buildings, or Contaminate may cause inaccurate times.
  • Supply counts are checked every 10 seconds.